 Dungeon Crawl Stone Soup version 0.16.2-12-gd0ad4c3 (webtiles) character file.

25 SlimeFever the Digger (level 3, -8/19 HPs)
             Began as a Gargoyle Earth Elementalist on Oct 7, 2015.
             Mangled by a gnoll
             ... wielding a +0 halberd
              (13 damage)
             ... on level 2 of the Dungeon.
             The game lasted 00:10:34 (1077 turns).

SlimeFever the Digger (Gargoyle Earth Elementalist) Turns: 1077, Time: 00:10:34

Health: -8/19      AC:  7    Str: 11    XL:     3   Next: 6%
Magic:  4/6        EV: 11    Int: 16    God:
Gold:   52         SH:  5    Dex: 10    Spells: 3 memorised, 0 levels left

rFire  . . .     SeeInvis .     i - +0 club
rCold  . . .     Clarity  .     c - +0 robe
rNeg   + . .     SustAb   .     l - +2 buckler
rPois  ∞         Gourm    .     (no helmet)
rElec  +         Spirit   .     (no cloak)
rCorr  .         Warding  .     (no gloves)
rMut   .         Stasis   .     (no boots)
MR     .....                    (no amulet)
Stlth  ++........               (no ring)
                                (no ring)

@: stone skin, not resistant to hostile enchantments, unstealthy
A: negative energy resistance 1, electricity resistance, unbreathing,
petrification resistance, rot immunity, AC +3
a: no special abilities


You were on level 2 of the Dungeon.
You were very hungry.

You visited 1 branch of the dungeon, and saw 3 of its levels.

You collected 52 gold pieces.

Inventory:

Hand weapons
 i - a +0 club (weapon)
Missiles
 b - 60 stones (quivered)
Armour
 c - a +0 robe (worn)
 l - a +2 buckler (worn)
Scrolls
 e - a scroll of remove curse
Potions
 f - 2 potions of restore abilities {unknown}
 g - 2 potions of degeneration {unknown}
 j - 2 potions of curing {unknown}
Books
 d - a book of Geomancy

   Spells                             Type                      Level
   a - Sandblast                      Earth                        1
   b - Stoneskin                      Transmutation/Earth          2
   c - Passwall                       Transmutation/Earth          3
   d - Stone Arrow                    Conjuration/Earth            3
   e - Petrify                        Transmutation/Earth          4
   f - Lee's Rapid Deconstruction     Earth                        5
Comestibles
 a - 3 bread rations
 h - a beef jerky


   Skills:
 + Level 2.0 Dodging
 + Level 2.1 Stealth
 + Level 0.6 Unarmed Combat
 + Level 2.2 Spellcasting
 + Level 0.7 Transmutations
 * Level 4.1 Earth Magic


You couldn't memorise any spells.
You knew the following spells:

 Your Spells              Type           Power        Failure   Level  Hunger
a - Sandblast             Erth           ###...       8%          1    #......
b - Stoneskin             Trmt/Erth      #.......     21%         2    ###....
c - Stone Arrow           Conj/Erth      #.....       45%         3    ###....


Dungeon Overview and Level Annotations

Branches:
Dungeon (3/15)

Altars:


Innate Abilities, Weirdness & Mutations

You are resistant to torment.
You are immune to poison.
Your stone body is very resilient (AC +3).
You resist negative energy.
You are resistant to electric shocks.
You can survive without breathing.
You are immune to petrification.
You are immune to rotting.


Message History

There is a stone staircase leading up here.
As you read the scroll labeled BAS YLADUIT, it crumbles to dust.
You hear a loud clanging noise!
It was a scroll of noise.
You hear a shout! x8
i - a +0 club (weapon)
You start putting on your armour.
You continue putting on your shiny buckler. x4
You finish putting on your +2 buckler.
You climb upwards.
The gnoll closely misses you.
There is a stone staircase leading down here.
Casting: Stone Arrow
Confirm with . or Enter, or press ? or * to list all spells.
Your skin hardens.
The gnoll hits you from afar with a spear.
* * * LOW HITPOINT WARNING * * *
The gnoll misses you.
The gnoll hits you from afar with a halberd!
Ouch! That really hurt!
You die...

## #.# ####### ##.#
#....># ##.###.#
#....@#########.......
#.....gg.....w...###.#
#.....#########...#.#
#.....# #.g...#
###.### ##g..## #. ###
##.## .. ..# #.# ##.
#.# #.# #.# #.# ##'##


You could see a worm and 2 gnolls.

Vanquished Creatures
  A giant gecko (D:1)
  A ball python (D:1)
  7 bats (D:1)
  2 goblins (D:1)
  A hobgoblin (D:2)
  4 jackals (D:1)
  A giant newt (D:1)
  3 kobolds (D:1)
  3 rats (D:1)
23 creatures vanquished.

Notes
Turn   | Place    | Note
--------------------------------------------------------------
     0 | D:1      | SlimeFever, the Gargoyle Earth Elementalist, began the quest for the Orb.
     0 | D:1      | Reached XP level 1. HP: 10/10 MP: 3/3
   375 | D:1      | Reached XP level 2. HP: 10/15 MP: 1/4
   387 | D:1      | Reached skill level 4 in Earth Magic
   954 | D:1      | Reached XP level 3. HP: 8/19 MP: 4/6
   968 | D:2      | Learned a level 2 spell: Stoneskin
   972 | D:2      | Learned a level 3 spell: Stone Arrow
  1077 | D:2      | Mangled by a gnoll

Action                   || total
-------------------------++-------
Melee: Unarmed           ||    89
 Cast: Sandblast         ||    22
       Stoneskin         ||     1
  Use: Scroll            ||     4
